San Jose Sharks vs Los Angeles Kings

Created - jeudi 21 mars 2019 at 19:00

Goals
1 2 3 T
San Jose Sharks 0 1 2 3
Los Angeles Kings 0 1 1 2
Shots
1 2 3 T
San Jose Sharks 3 13 9 25
Los Angeles Kings 11 9 10 30

1st period

No Goal

Penalties :
No Penalty

2nd period

1. Los Angeles Kings , Jeff Carter 26 (Drew Doughty 58) at 0:12
2. San Jose Sharks , Drew Stafford 7 (Andre Burakovsky 7, Tommy Wingels 11) at 3:47

Penalties :
Timo Meier (SJS) for Holding (Minor) at 7:03, Tommy Wingels (SJS) for Roughing (Minor) at 19:39

3rd period

3. San Jose Sharks , Kevin Labanc 22 (Mike Reilly 18) at 8:09
4. San Jose Sharks , Tyler Ennis 5 (Mike Reilly 19, Anthony Cirelli 17) at 17:13
5. Los Angeles Kings , Alec Martinez 2 (Nick Shore 10) at 17:44

Penalties :
No Penalty

Goalie Stats

Reto Berra (SJS), 28 saves from 30 shots - (0.933), W, 5-2-2, 60:00 minutes
Jonathan Quick (LAK), 22 saves from 25 shots - (0.880), L, 42-21-8, 58:17 minutes

Players Stats for San Jose Sharks

Player Name              G  A  P  +/- PIM S  H  SB GA TA FO     MP     PP MP  PK MP  
------------------------------------------------------------------------------------
Andre Burakovsky         0  1  1   1  0   1  0  0  1  0  0/0     9:17   0:00   0:06 
Anthony Cirelli          0  1  1   1  0   0  1  0  0  0  4/14   16:14   0:00   1:56 
Brent Burns              0  0  0  -1  0   0  3  1  1  2  0/0    26:10   0:00   2:18 
Christian Dvorak         0  0  0   0  0   3  1  0  2  1  9/16   16:45   0:00   0:00 
Clayton Keller           0  0  0  -1  0   1  0  0  1  0  1/3    18:35   0:00   2:00 
Drew Stafford            1  0  1   1  0   2  1  0  1  0  0/0     9:00   0:00   0:00 
Joakim Ryan              0  0  0   0  0   0  1  0  0  1  0/0    17:42   0:00   1:40 
Karl Alzner              0  0  0   0  0   0  3  2  1  3  0/0    25:21   0:00   2:18 
Kevin Labanc             1  0  1   0  0   3  3  1  0  0  0/1    15:44   0:00   0:00 
Logan Couture            0  0  0  -1  0   2  1  1  1  1  8/15   17:02   0:00   0:02 
Marian Gaborik           0  0  0  -1  0   2  1  0  2  0  0/0    17:44   0:00   1:56 
Mike Reilly              0  2  2   2  0   0  1  3  0  0  0/0    17:34   0:00   1:40 
Roman Polak              0  0  0   0  0   1  2  0  0  0  0/0    16:14   0:00   0:00 
Sven Baertschi           0  0  0   1  0   3  3  0  0  1  0/0    16:14   0:00   1:56 
Timo Meier               0  0  0   0  2   0  2  0  0  1  0/0    16:08   0:00   0:00 
Tommy Wingels            0  1  1   1  2   2  3  0  0  1  1/4     9:03   0:00   0:00 
Travis Dermott           0  0  0   1  0   0  3  1  0  1  0/0    16:59   0:00   0:00 
Tyler Ennis              1  0  1   1  0   5  1  0  0  0  0/0    14:14   0:00   0:00 

Players Stats for Los Angeles Kings

Player Name              G  A  P  +/- PIM S  H  SB GA TA FO     MP     PP MP  PK MP  
------------------------------------------------------------------------------------
Adrian Kempe             0  0  0  -1  0   1  2  0  2  1  0/0    12:48   0:00   0:00 
Alec Martinez            1  0  1  -1  0   4  3  2  0  1  0/0    21:17   2:14   0:00 
Anze Kopitar             0  0  0  -1  0   3  2  0  0  0  9/16   18:33   1:55   0:00 
Derek Dorsett            0  0  0  -1  0   0  4  0  0  0  0/0    14:01   0:00   0:00 
Dominic Moore            0  0  0   0  0   1  2  0  2  1  3/8    11:28   0:00   0:00 
Drew Doughty             0  1  1   0  0   2  2  1  3  0  0/0    24:26   1:44   0:00 
Dustin Brown             0  0  0  -1  0   5  5  0  1  3  0/0    18:33   1:55   0:00 
Gustav Forsling          0  0  0   0  0   0  0  0  0  0  0/0    14:24   0:00   0:00 
Ian Cole                 0  0  0  -1  0   3  1  0  0  1  0/0    21:19   2:14   0:00 
Jake Muzzin              0  0  0   0  0   2  1  1  1  0  0/0    24:10   1:44   0:00 
Jeff Carter              1  0  1   1  0   3  0  1  1  0  14/18  17:11   2:03   0:00 
Kyle Clifford            0  0  0   0  0   1  1  0  0  0  0/0    11:28   0:00   0:00 
Matt Hendricks           0  0  0   0  0   1  1  0  1  1  0/2    13:04   1:48   0:00 
Nick Shore               0  1  1  -1  0   1  1  1  0  0  3/7    12:55   0:07   0:00 
Ryan Murphy              0  0  0   0  0   0  0  0  0  1  0/0    14:24   0:00   0:00 
Tanner Pearson           0  0  0   1  0   1  1  3  0  0  1/1    17:11   2:03   0:00 
Trevor Lewis             0  0  0   1  0   0  6  0  1  1  0/0    17:11   2:03   0:00 
Tyler Toffoli            0  0  0  -1  0   2  1  0  0  0  0/1    15:37   0:00   0:00 

3 Stars

1 - Mike Reilly (SJS)
2 - Kevin Labanc (SJS)
3 - Tyler Ennis (SJS)

Power Play

San Jose Sharks - 0 on 0 Attempt(s) - 0.00%
Los Angeles Kings - 0 on 2 Attempt(s) - 0.00%

Penalty Kill

San Jose Sharks - 2 on 2 Attempt(s) - 100.00% - Score 0 goal in Penalty Kill
Los Angeles Kings - 0 on 0 Attempt(s) - 0.00% - Score 0 goal in Penalty Kill

Team Stat

San Jose Sharks - Hits : 30 - Faceoff Wins : 23 - Blocked Shots : 9 - Penalty Minutes : 4
Los Angeles Kings - Hits : 33 - Faceoff Wins : 30 - Blocked Shots : 9 - Penalty Minutes : 0

Official

Referees : TJ Luxmore and Kyle Rehman
Linesman : Scott Cherrey and Vaughan Rody

Game Notes

No Game Note

Finance

Level 1 -- Attendance: 10300 (100.00%) -- Ticket Income fr. 824'000
Level 2 -- Attendance: 1959 (93.29%) -- Ticket Income fr. 127'335
Level 3 -- Attendance: 3069 (85.25%) -- Ticket Income fr. 107'415
Level 4 -- Attendance: 1398 (96.41%) -- Ticket Income fr. 27'960
Luxury Box -- Attendance: 50 (100.00%) -- Ticket Income fr. 10'000
Game was played at the Staples Center.
Total Attendance: 16776 (95.86%)
Total Ticket Income: fr. 1'096'710
Total Income: fr. 1'096'710

San Jose Sharks

5 vs 5 Forward 
   Center                   Left Wing                Right Wing               Time % Phy DF OF 
 1 Logan Couture            Clayton Keller           Marian Gaborik           30     1   2  2  
 2 Christian Dvorak         Timo Meier               Kevin Labanc             30     1   2  2  
 3 Anthony Cirelli          Tyler Ennis              Sven Baertschi           25     1   2  2  
 4 Tommy Wingels            Drew Stafford            Andre Burakovsky         15     1   2  2  

5 vs 5 Defense 
   Defense                  Defense                                           Time % Phy DF OF 
 1 Brent Burns              Travis Dermott                                    30     1   2  2  
 2 Karl Alzner              Mike Reilly                                       30     1   2  2  
 3 Joakim Ryan              Roman Polak                                       25     1   2  2  
 4 Brent Burns              Karl Alzner                                       15     1   2  2  

PowerPlay Forward 
   Center                   Left Wing                Right Wing               Time % Phy DF OF 
 1 Logan Couture            Clayton Keller           Sven Baertschi           50     1   2  2  
 2 Anthony Cirelli          Christian Dvorak         Marian Gaborik           50     1   2  2  

PowerPlay Defense
   Defense                  Defense                                           Time % Phy DF OF 
 1 Brent Burns              Travis Dermott                                    50     1   2  2  
 2 Joakim Ryan              Mike Reilly                                       50     1   2  2  

Penalty Kill 4 Players Forward 
   Center                   Wing                     Time % Phy DF OF 
 1 Clayton Keller           Marian Gaborik           50     1   2  2  
 2 Anthony Cirelli          Sven Baertschi           50     1   2  2  

Penalty Kill 4 Players Defense
   Defense                  Defense                  Time % Phy DF OF 
 1 Karl Alzner              Brent Burns              50     1   2  2  
 2 Mike Reilly              Joakim Ryan              50     1   2  2  

Penalty Kill - 3 Players Forward 
   Forward                                           Time % Phy DF OF 
 1 Drew Stafford                                     50     1   2  2  
 2 Tyler Ennis                                       50     1   2  2  

Penalty Kill - 3 Players Defense
   Defense                  Defense                  Time % Phy DF OF 
 1 Karl Alzner              Travis Dermott           50     1   2  2  
 2 Joakim Ryan              Mike Reilly              50     1   2  2  

4 vs 4 Forward 
   Center                   Wing                     Time % Phy DF OF 
 1 Logan Couture            Clayton Keller           50     1   2  2  
 2 Anthony Cirelli          Andre Burakovsky         50     1   2  2  

4 vs 4 Defense
   Defense                  Defense                  Time % Phy DF OF 
 1 Brent Burns              Karl Alzner              50     1   2  2  
 2 Mike Reilly              Joakim Ryan              50     1   2  2  

Last Minutes Offensive
   Center                   Left Wing                Right Wing               Defense                  Defense                  
   Logan Couture            Clayton Keller           Sven Baertschi           Brent Burns              Karl Alzner              

Last Minutes Defensive
   Center                   Left Wing                Right Wing               Defense                  Defense                  
   Logan Couture            Clayton Keller           Christian Dvorak         Brent Burns              Karl Alzner              

Goaltenders
Starting : Reto Berra               
Backup : Cam Talbot               

Extra Forwards
Normal : Clayton Keller, Sven Baertschi, Anthony Cirelli - PP : Clayton Keller, Anthony Cirelli - PK : Anthony Cirelli
Extra Defensemen
Normal : Joakim Ryan, Mike Reilly, Brent Burns - PP : Joakim Ryan - PK : Mike Reilly, Joakim Ryan
Penalty Shots
Anthony Cirelli, Clayton Keller, Andre Burakovsky, Drew Stafford, Tyler Ennis
Custom OT Lines Forwards
Sven Baertschi, Clayton Keller, Drew Stafford, Marian Gaborik, Logan Couture, Christian Dvorak, Kevin Labanc, Andre Burakovsky, Anthony Cirelli, Tyler Ennis
Custom OT Lines Defensemen
Brent Burns, Mike Reilly, Andre Burakovsky, Travis Dermott, Joakim Ryan

Scratches
Jimmy Hayes (Healthy), Marcus Sorensen (Healthy), Dylan Gambrell (Healthy)

Los Angeles Kings

5 vs 5 Forward 
   Center                   Left Wing                Right Wing               Time % Phy DF OF 
 1 Anze Kopitar             Dustin Brown             Tyler Toffoli            29     0   1  4  
 2 Jeff Carter              Tanner Pearson           Trevor Lewis             29     0   1  4  
 3 Nick Shore               Adrian Kempe             Derek Dorsett            22     0   2  3  
 4 Dominic Moore            Kyle Clifford            Matt Hendricks           20     0   3  2  

5 vs 5 Defense 
   Defense                  Defense                                           Time % Phy DF OF 
 1 Drew Doughty             Jake Muzzin                                       40     0   1  4  
 2 Alec Martinez            Ian Cole                                          35     0   2  3  
 3 Ryan Murphy              Gustav Forsling                                   25     0   3  2  
 4 Gustav Forsling          Ryan Murphy                                       0      1   2  2  

PowerPlay Forward 
   Center                   Left Wing                Right Wing               Time % Phy DF OF 
 1 Anze Kopitar             Dustin Brown             Matt Hendricks           50     0   1  4  
 2 Jeff Carter              Tanner Pearson           Trevor Lewis             50     0   1  4  

PowerPlay Defense
   Defense                  Defense                                           Time % Phy DF OF 
 1 Drew Doughty             Jake Muzzin                                       50     0   1  4  
 2 Alec Martinez            Ian Cole                                          50     0   1  4  

Penalty Kill 4 Players Forward 
   Center                   Wing                     Time % Phy DF OF 
 1 Nick Shore               Kyle Clifford            50     0   3  2  
 2 Dominic Moore            Derek Dorsett            50     0   3  2  

Penalty Kill 4 Players Defense
   Defense                  Defense                  Time % Phy DF OF 
 1 Ryan Murphy              Gustav Forsling          50     0   3  2  
 2 Alec Martinez            Ian Cole                 50     0   3  2  

Penalty Kill - 3 Players Forward 
   Forward                                           Time % Phy DF OF 
 1 Derek Dorsett                                     50     0   4  1  
 2 Dominic Moore                                     50     0   4  1  

Penalty Kill - 3 Players Defense
   Defense                  Defense                  Time % Phy DF OF 
 1 Ryan Murphy              Ian Cole                 50     0   4  1  
 2 Gustav Forsling          Alec Martinez            50     0   4  1  

4 vs 4 Forward 
   Center                   Wing                     Time % Phy DF OF 
 1 Nick Shore               Adrian Kempe             50     0   2  3  
 2 Dominic Moore            Derek Dorsett            50     0   2  3  

4 vs 4 Defense
   Defense                  Defense                  Time % Phy DF OF 
 1 Drew Doughty             Ian Cole                 50     0   2  3  
 2 Ryan Murphy              Gustav Forsling          50     0   2  3  

Last Minutes Offensive
   Center                   Left Wing                Right Wing               Defense                  Defense                  
   Anze Kopitar             Dustin Brown             Derek Dorsett            Jake Muzzin              Drew Doughty             

Last Minutes Defensive
   Center                   Left Wing                Right Wing               Defense                  Defense                  
   Nick Shore               Dustin Brown             Derek Dorsett            Ryan Murphy              Ian Cole                 

Goaltenders
Starting : Jonathan Quick           
Backup : Steve Mason              

Extra Forwards
Normal : Dominic Moore, Anze Kopitar, Dustin Brown - PP : Nick Shore, Derek Dorsett - PK : Dominic Moore
Extra Defensemen
Normal : Drew Doughty, Alec Martinez, Ian Cole - PP : Gustav Forsling - PK : Drew Doughty, Alec Martinez
Penalty Shots
Anze Kopitar, Drew Doughty, Jeff Carter, Dustin Brown, Tyler Toffoli
Custom OT Lines Forwards
Anze Kopitar, Dustin Brown, Tyler Toffoli, Derek Dorsett, Trevor Lewis, Tanner Pearson, Jeff Carter, Nick Shore, Dominic Moore, Kyle Clifford
Custom OT Lines Defensemen
Drew Doughty, Jake Muzzin, Gustav Forsling, Alec Martinez, Ian Cole

Scratches
Deryk Engelland (Strained Left Knee Injury), Oskar Sundqvist (Healthy), Justin Auger (Healthy)

% Time on Ice - San Jose Sharks

Lines # - Real PCT - Wanted PCT - Time Play
Normal Forward
1 - 29% - 30% - 15:59
2 - 29% - 30% - 15:48
3 - 26% - 25% - 14:14
4 - 16% - 15% - 9:00
Normal Defense
1 - 29% - 30% - 16:11
2 - 28% - 30% - 15:27
3 - 30% - 25% - 16:14
4 - 13% - 15% - 7:09
PP Forward
1 - 0% - 50%
2 - 0% - 50%
PP Defense
1 - 0% - 50%
2 - 0% - 50%
PK Forward
1 - 51% - 50% - 2:02
2 - 49% - 50% - 1:56
PK Defense
1 - 58% - 50% - 2:18
2 - 42% - 50% - 1:40
PK3 Forward
1 - 0% - 50%
2 - 0% - 50%
PK3 Defense
1 - 0% - 50%
2 - 0% - 50%
44 Forward
1 - 0% - 50%
2 - 0% - 50%
44 Defense
1 - 0% - 50%
2 - 0% - 50%
Last Minute Offensive  - 0:00
Last Minute Defensive  - 1:01
Total
Forward - 60:00
Defense - 60:00

% Time on Ice - Los Angeles Kings

Lines # - Real PCT - Wanted PCT - Time Play
Normal Forward
1 - 28% - 29% - 15:38
2 - 27% - 29% - 15:08
3 - 23% - 22% - 12:48
4 - 21% - 20% - 11:28
Normal Defense
1 - 40% - 40% - 21:49
2 - 34% - 35% - 18:56
3 - 24% - 25% - 13:20
4 - 2% - 0% - 0:57
PP Forward
1 - 48% - 50% - 1:55
2 - 52% - 50% - 2:03
PP Defense
1 - 44% - 50% - 1:44
2 - 56% - 50% - 2:14
PK Forward
1 - 0% - 50%
2 - 0% - 50%
PK Defense
1 - 0% - 50%
2 - 0% - 50%
PK3 Forward
1 - 0% - 50%
2 - 0% - 50%
PK3 Defense
1 - 0% - 50%
2 - 0% - 50%
44 Forward
1 - 0% - 50%
2 - 0% - 50%
44 Defense
1 - 0% - 50%
2 - 0% - 50%
Last Minute Offensive  - 1:00
Last Minute Defensive  - 0:00
Total
Forward - 60:00
Defense - 60:00

Play-by-Play

1st period


0:01 of 1st period - Logan Couture wins face-off versus Anze Kopitar in neutral zone.
0:20 of 1st period - Logan Couture is hit by Dustin Brown.
0:50 of 1st period - Sven Baertschi is hit by Nick Shore and loses puck.
0:59 of 1st period - Slapshot by Adrian Kempe.
0:59 of 1st period - Stopped by Reto Berra with a rebound.
1:09 of 1st period - Ryan Murphy is hit by Drew Stafford and loses puck.
1:23 of 1st period - Slapshot by Anze Kopitar.
1:23 of 1st period - Shot Misses the Net.
1:25 of 1st period - Snap shot by Dustin Brown.
1:25 of 1st period - Shot Misses the Net.
1:27 of 1st period - Wrist shot by Anze Kopitar.
1:27 of 1st period - Stopped by Reto Berra with a rebound.
2:08 of 1st period - Snap shot by Christian Dvorak.
2:08 of 1st period - Shot Misses the Net.
2:10 of 1st period - Slapshot by Joakim Ryan.
2:10 of 1st period - Shot Misses the Net.
2:41 of 1st period - Joakim Ryan is hit by Dustin Brown and loses puck.
3:04 of 1st period - Sven Baertschi is hit by Ian Cole and loses puck.
3:30 of 1st period - Karl Alzner is hit by Trevor Lewis and loses puck.
4:06 of 1st period - Ryan Murphy is hit by Tyler Ennis and loses puck.
4:25 of 1st period - Logan Couture is hit by Derek Dorsett and loses puck.
5:00 of 1st period - Slapshot by Jake Muzzin.
5:00 of 1st period - Stopped by Reto Berra with a rebound.
5:14 of 1st period - Brent Burns is hit by Dustin Brown and loses puck.
5:21 of 1st period - Wrist shot by Tyler Toffoli.
5:21 of 1st period - Stopped by Reto Berra without a rebound.
5:22 of 1st period - Jeff Carter wins face-off versus Anthony Cirelli in San Jose Sharks zone.
5:44 of 1st period - Roman Polak is hit by Trevor Lewis and loses puck.
6:01 of 1st period - Snap shot by Logan Couture.
6:01 of 1st period - Shot Misses the Net.
6:35 of 1st period - Drew Doughty is hit by Tommy Wingels.
7:22 of 1st period - Wrist shot by Dustin Brown.
7:22 of 1st period - Shot Blocked by Mike Reilly.
7:24 of 1st period - Wrist shot by Dustin Brown.
7:24 of 1st period - Stopped by Reto Berra without a rebound.
7:25 of 1st period - Jeff Carter wins face-off versus Kevin Labanc in San Jose Sharks zone.
7:50 of 1st period - Gustav Forsling is hit by Karl Alzner.
8:10 of 1st period - Slapshot by Alec Martinez.
8:10 of 1st period - Stopped by Reto Berra with a rebound.
8:12 of 1st period - Slapshot by Ian Cole.
8:12 of 1st period - Stopped by Reto Berra without a rebound.
8:13 of 1st period - Anze Kopitar wins face-off versus Anthony Cirelli in San Jose Sharks zone.
8:40 of 1st period - Snap shot by Jeff Carter.
8:40 of 1st period - Stopped by Reto Berra without a rebound.
8:41 of 1st period - Jeff Carter wins face-off versus Christian Dvorak in San Jose Sharks zone.
9:08 of 1st period - Logan Couture is hit by Alec Martinez and loses puck.
9:53 of 1st period - Wrist shot by Tyler Ennis.
9:53 of 1st period - Deflect By Dustin Brown.
9:53 of 1st period - Shot Misses the Net.
9:53 of 1st period - Puck is out of play.
9:54 of 1st period - Christian Dvorak wins face-off versus Dominic Moore in Los Angeles Kings zone.
10:27 of 1st period - Snap shot by Tyler Toffoli.
10:27 of 1st period - Stopped by Reto Berra without a rebound.
10:28 of 1st period - Anthony Cirelli wins face-off versus Nick Shore in San Jose Sharks zone.
11:49 of 1st period - Off-side.
11:50 of 1st period - Christian Dvorak wins face-off versus Anze Kopitar in neutral zone.
12:15 of 1st period - Tyler Ennis is hit by Drew Doughty and loses puck.
12:22 of 1st period - Wrist shot by Dominic Moore.
12:22 of 1st period - Stopped by Reto Berra with a rebound.
12:34 of 1st period - Derek Dorsett is hit by Travis Dermott and loses puck.
12:48 of 1st period - Adrian Kempe is hit by Tommy Wingels and loses puck.
13:19 of 1st period - Kyle Clifford is hit by Travis Dermott and loses puck.
14:14 of 1st period - Kyle Clifford is hit by Marian Gaborik and loses puck.
14:19 of 1st period - Wrist shot by Logan Couture.
14:19 of 1st period - Stopped by Jonathan Quick with a rebound.
14:26 of 1st period - Icing by Matt Hendricks.
14:27 of 1st period - Tommy Wingels wins face-off versus Matt Hendricks in Los Angeles Kings zone.
14:56 of 1st period - Dustin Brown is hit by Timo Meier and loses puck.
15:15 of 1st period - Anze Kopitar is hit by Mike Reilly and loses puck.
15:58 of 1st period - Off-side.
15:59 of 1st period - Christian Dvorak wins face-off versus Nick Shore in neutral zone.
16:06 of 1st period - Snap shot by Timo Meier.
16:06 of 1st period - Shot Misses the Net.
16:23 of 1st period - Sven Baertschi is hit by Trevor Lewis and loses puck.
16:28 of 1st period - Snap shot by Jeff Carter.
16:28 of 1st period - Deflect By Tanner Pearson.
16:28 of 1st period - Stopped by Reto Berra without a rebound.
16:29 of 1st period - Logan Couture wins face-off versus Dominic Moore in San Jose Sharks zone.
16:29 of 1st period - Logan Couture is hit by Matt Hendricks.
17:45 of 1st period - Snap shot by Tanner Pearson.
17:45 of 1st period - Shot Misses the Net.
17:57 of 1st period - Wrist shot by Logan Couture.
17:57 of 1st period - Shot Blocked by Jake Muzzin.
18:01 of 1st period - Wrist shot by Logan Couture.
18:01 of 1st period - Shot Misses the Net.
18:03 of 1st period - Snap shot by Marian Gaborik.
18:03 of 1st period - Stopped by Jonathan Quick with a rebound.
18:05 of 1st period - Snap shot by Clayton Keller.
18:05 of 1st period - Stopped by Jonathan Quick without a rebound.
18:06 of 1st period - Christian Dvorak wins face-off versus Anze Kopitar in Los Angeles Kings zone.
18:07 of 1st period - Snap shot by Timo Meier.
18:07 of 1st period - Shot Misses the Net.
18:21 of 1st period - Snap shot by Dustin Brown.
18:21 of 1st period - Shot Blocked by Kevin Labanc.
18:36 of 1st period - Slapshot by Mike Reilly.
18:36 of 1st period - Shot Misses the Net.
Goals for this period are 0 for San Jose Sharks vs 0 for Los Angeles Kings.
Shots for this period are 3 for San Jose Sharks vs 11 for Los Angeles Kings.

2nd period


0:01 of 2nd period - Jeff Carter wins face-off versus Christian Dvorak in neutral zone.
0:08 of 2nd period - Slapshot by Drew Doughty.
0:08 of 2nd period - Shot Blocked by Karl Alzner.
0:10 of 2nd period - Wrist shot by Drew Doughty.
0:10 of 2nd period - Stopped by Reto Berra with a rebound.
0:12 of 2nd period - Wrist shot by Jeff Carter.
0:12 of 2nd period - Goal by Jeff Carter - San Jose Sharks : 0 - Los Angeles Kings : 1.
0:13 of 2nd period - Anze Kopitar wins face-off versus Logan Couture in neutral zone.
0:38 of 2nd period - Ian Cole is hit by Brent Burns and loses puck.
0:42 of 2nd period - Icing by Ian Cole.
0:43 of 2nd period - Christian Dvorak wins face-off versus Jeff Carter in Los Angeles Kings zone.
0:46 of 2nd period - Snap shot by Kevin Labanc.
0:46 of 2nd period - Stopped by Jonathan Quick with a rebound.
0:48 of 2nd period - Wrist shot by Kevin Labanc.
0:48 of 2nd period - Stopped by Jonathan Quick with a rebound.
0:50 of 2nd period - Slapshot by Christian Dvorak.
0:50 of 2nd period - Stopped by Jonathan Quick with a rebound.
0:52 of 2nd period - Snap shot by Timo Meier.
0:52 of 2nd period - Shot Misses the Net.
0:54 of 2nd period - Snap shot by Joakim Ryan.
0:54 of 2nd period - Shot Blocked by Jeff Carter.
0:56 of 2nd period - Slapshot by Joakim Ryan.
0:56 of 2nd period - Shot Blocked by Tanner Pearson.
0:58 of 2nd period - Backhand shot by Kevin Labanc.
0:58 of 2nd period - Shot Blocked by Tanner Pearson.
1:08 of 2nd period - Trevor Lewis is hit by Kevin Labanc and loses puck.
1:17 of 2nd period - Jeff Carter is hit by Karl Alzner and loses puck.
1:43 of 2nd period - Wrist shot by Christian Dvorak.
1:43 of 2nd period - Deflect By Timo Meier.
1:43 of 2nd period - Shot Blocked by Drew Doughty.
1:43 of 2nd period - Puck is out of play.
1:44 of 2nd period - Logan Couture wins face-off versus Dominic Moore in Los Angeles Kings zone.
2:18 of 2nd period - Wrist shot by Sven Baertschi.
2:18 of 2nd period - Stopped by Jonathan Quick without a rebound.
2:19 of 2nd period - Nick Shore wins face-off versus Tommy Wingels in Los Angeles Kings zone.
3:37 of 2nd period - Icing by Mike Reilly.
3:38 of 2nd period - Nick Shore wins face-off versus Tommy Wingels in San Jose Sharks zone.
3:47 of 2nd period - Snap shot by Drew Stafford.
3:47 of 2nd period - Goal by Drew Stafford - San Jose Sharks : 1 - Los Angeles Kings : 1.
3:48 of 2nd period - Logan Couture wins face-off versus Tyler Toffoli in neutral zone.
3:59 of 2nd period - Snap shot by Dustin Brown.
3:59 of 2nd period - Stopped by Reto Berra without a rebound.
4:00 of 2nd period - Anze Kopitar wins face-off versus Anthony Cirelli in San Jose Sharks zone.
4:25 of 2nd period - Marian Gaborik is hit by Dominic Moore.
4:44 of 2nd period - Off-side.
4:45 of 2nd period - Christian Dvorak wins face-off versus Nick Shore in neutral zone.
5:16 of 2nd period - Slapshot by Tyler Ennis.
5:16 of 2nd period - Stopped by Jonathan Quick with a rebound.
5:43 of 2nd period - Wrist shot by Tommy Wingels.
5:43 of 2nd period - Stopped by Jonathan Quick without a rebound.
5:44 of 2nd period - Logan Couture wins face-off versus Jeff Carter in Los Angeles Kings zone.
5:51 of 2nd period - Snap shot by Jeff Carter.
5:51 of 2nd period - Shot Misses the Net.
6:09 of 2nd period - Logan Couture is hit by Anze Kopitar and loses puck.
6:49 of 2nd period - Christian Dvorak is hit by Dominic Moore and loses puck.
6:57 of 2nd period - Off-side.
6:58 of 2nd period - Jeff Carter wins face-off versus Christian Dvorak in neutral zone.
7:03 of 2nd period - Minor Penalty to Timo Meier for Holding.
7:04 of 2nd period - Clayton Keller wins face-off versus Anze Kopitar in San Jose Sharks zone.
9:03 of 2nd period - Penalty to Timo Meier is over, Timo Meier is back on ice.
9:18 of 2nd period - Nick Shore is hit by Timo Meier and loses puck.
10:03 of 2nd period - Ian Cole is hit by Kevin Labanc and loses puck.
10:37 of 2nd period - Kyle Clifford is hit by Roman Polak and loses puck.
10:50 of 2nd period - Wrist shot by Drew Stafford.
10:50 of 2nd period - Stopped by Jonathan Quick with a rebound.
11:19 of 2nd period - Tanner Pearson is hit by Christian Dvorak and loses puck.
13:11 of 2nd period - Backhand shot by Adrian Kempe.
13:11 of 2nd period - Shot Misses the Net.
13:13 of 2nd period - Snap shot by Nick Shore.
13:13 of 2nd period - Stopped by Reto Berra with a rebound.
13:20 of 2nd period - Icing by Karl Alzner.
13:21 of 2nd period - Jeff Carter wins face-off versus Christian Dvorak in San Jose Sharks zone.
13:22 of 2nd period - Slapshot by Drew Doughty.
13:22 of 2nd period - Stopped by Reto Berra without a rebound.
13:23 of 2nd period - Anthony Cirelli wins face-off versus Jeff Carter in San Jose Sharks zone.
13:37 of 2nd period - Snap shot by Tyler Ennis.
13:37 of 2nd period - Stopped by Jonathan Quick with a rebound.
13:56 of 2nd period - Wrist shot by Jeff Carter.
13:56 of 2nd period - Stopped by Reto Berra with a rebound.
13:58 of 2nd period - Snap shot by Drew Doughty.
13:58 of 2nd period - Deflect By Tanner Pearson.
13:58 of 2nd period - Shot Misses the Net.
13:58 of 2nd period - Puck is out of play.
13:59 of 2nd period - Anze Kopitar wins face-off versus Logan Couture in San Jose Sharks zone.
14:00 of 2nd period - Wrist shot by Dustin Brown.
14:00 of 2nd period - Stopped by Reto Berra without a rebound.
14:01 of 2nd period - Anze Kopitar wins face-off versus Logan Couture in San Jose Sharks zone.
14:57 of 2nd period - Wrist shot by Logan Couture.
14:57 of 2nd period - Shot Blocked by Nick Shore.
15:09 of 2nd period - Wrist shot by Logan Couture.
15:09 of 2nd period - Shot Misses the Net.
15:11 of 2nd period - Slapshot by Marian Gaborik.
15:11 of 2nd period - Stopped by Jonathan Quick without a rebound.
15:12 of 2nd period - Jeff Carter wins face-off versus Anthony Cirelli in Los Angeles Kings zone.
15:12 of 2nd period - Jeff Carter is hit by Sven Baertschi.
15:17 of 2nd period - Jeff Carter is hit by Brent Burns and loses puck.
15:22 of 2nd period - Anthony Cirelli is hit by Tanner Pearson and loses puck.
16:03 of 2nd period - Adrian Kempe is hit by Tommy Wingels and loses puck.
16:08 of 2nd period - Wrist shot by Andre Burakovsky.
16:08 of 2nd period - Stopped by Jonathan Quick with a rebound.
16:23 of 2nd period - Slapshot by Alec Martinez.
16:23 of 2nd period - Deflect By Tyler Ennis.
16:23 of 2nd period - Stopped by Reto Berra with a rebound.
16:25 of 2nd period - Slapshot by Ian Cole.
16:25 of 2nd period - Shot Blocked by Mike Reilly.
16:27 of 2nd period - Slapshot by Ian Cole.
16:27 of 2nd period - Deflect By Sven Baertschi.
16:27 of 2nd period - Stopped by Reto Berra with a rebound.
17:04 of 2nd period - Travis Dermott is hit by Anze Kopitar and loses puck.
17:08 of 2nd period - Icing by Kevin Labanc.
17:09 of 2nd period - Anze Kopitar wins face-off versus Christian Dvorak in San Jose Sharks zone.
17:32 of 2nd period - Wrist shot by Tyler Ennis.
17:32 of 2nd period - Stopped by Jonathan Quick with a rebound.
17:36 of 2nd period - Snap shot by Tyler Ennis.
17:36 of 2nd period - Stopped by Jonathan Quick with a rebound.
17:48 of 2nd period - Roman Polak is hit by Drew Doughty and loses puck.
18:01 of 2nd period - Marian Gaborik is hit by Jake Muzzin and loses puck.
19:32 of 2nd period - Drew Stafford is hit by Derek Dorsett and loses puck.
19:39 of 2nd period - Minor Penalty to Tommy Wingels for Roughing.
19:40 of 2nd period - Jeff Carter wins face-off versus Clayton Keller in San Jose Sharks zone.
19:53 of 2nd period - Wrist shot by Jeff Carter.
19:53 of 2nd period - Shot Misses the Net.
Goals for this period are 1 for San Jose Sharks vs 1 for Los Angeles Kings.
Shots for this period are 13 for San Jose Sharks vs 9 for Los Angeles Kings.

3rd period


0:01 of 3rd period - Anze Kopitar wins face-off versus Anthony Cirelli in neutral zone.
0:28 of 3rd period - Icing by Drew Doughty.
0:29 of 3rd period - Jeff Carter wins face-off versus Clayton Keller in Los Angeles Kings zone.
1:13 of 3rd period - Marian Gaborik is hit by Alec Martinez and loses puck.
1:39 of 3rd period - Penalty to Tommy Wingels is over, Tommy Wingels is back on ice.
1:50 of 3rd period - Wrist shot by Kevin Labanc.
1:50 of 3rd period - Shot Misses the Net.
2:34 of 3rd period - Gustav Forsling is hit by Kevin Labanc and loses puck.
3:01 of 3rd period - Tyler Ennis is hit by Trevor Lewis and loses puck.
3:19 of 3rd period - Slapshot by Karl Alzner.
3:19 of 3rd period - Shot Misses the Net.
3:50 of 3rd period - Dominic Moore is hit by Travis Dermott.
4:00 of 3rd period - Ryan Murphy is hit by Anthony Cirelli and loses puck.
4:07 of 3rd period - Mike Reilly is hit by Adrian Kempe.
4:24 of 3rd period - Alec Martinez is hit by Roman Polak.
5:08 of 3rd period - Derek Dorsett is hit by Sven Baertschi and loses puck.
5:23 of 3rd period - Anze Kopitar is hit by Karl Alzner and loses puck.
5:40 of 3rd period - Karl Alzner is hit by Trevor Lewis and loses puck.
6:20 of 3rd period - Tyler Toffoli is hit by Sven Baertschi and loses puck.
6:34 of 3rd period - Icing by Tyler Toffoli.
6:35 of 3rd period - Logan Couture wins face-off versus Jeff Carter in Los Angeles Kings zone.
6:38 of 3rd period - Wrist shot by Logan Couture.
6:38 of 3rd period - Stopped by Jonathan Quick with a rebound.
7:19 of 3rd period - Slapshot by Christian Dvorak.
7:19 of 3rd period - Stopped by Jonathan Quick without a rebound.
7:20 of 3rd period - Christian Dvorak wins face-off versus Anze Kopitar in Los Angeles Kings zone.
7:37 of 3rd period - Slapshot by Alec Martinez.
7:37 of 3rd period - Stopped by Reto Berra without a rebound.
7:38 of 3rd period - Jeff Carter wins face-off versus Logan Couture in San Jose Sharks zone.
8:09 of 3rd period - Snap shot by Kevin Labanc.
8:09 of 3rd period - Goal by Kevin Labanc - San Jose Sharks : 2 - Los Angeles Kings : 1.
8:10 of 3rd period - Jeff Carter wins face-off versus Anthony Cirelli in neutral zone.
8:13 of 3rd period - Slapshot by Ian Cole.
8:13 of 3rd period - Shot Blocked by Brent Burns.
8:46 of 3rd period - Wrist shot by Alec Martinez.
8:46 of 3rd period - Shot Misses the Net.
8:56 of 3rd period - Slapshot by Roman Polak.
8:56 of 3rd period - Stopped by Jonathan Quick without a rebound.
8:57 of 3rd period - Dominic Moore wins face-off versus Logan Couture in Los Angeles Kings zone.
9:03 of 3rd period - Off-side.
9:04 of 3rd period - Jeff Carter wins face-off versus Anthony Cirelli in neutral zone.
9:14 of 3rd period - Slapshot by Tyler Ennis.
9:14 of 3rd period - Deflect By Sven Baertschi.
9:14 of 3rd period - Stopped by Jonathan Quick with a rebound.
9:18 of 3rd period - Slapshot by Anthony Cirelli.
9:18 of 3rd period - Shot Blocked by Tanner Pearson.
9:28 of 3rd period - Karl Alzner is hit by Tyler Toffoli and loses puck.
9:39 of 3rd period - Slapshot by Anze Kopitar.
9:39 of 3rd period - Stopped by Reto Berra with a rebound.
9:41 of 3rd period - Snap shot by Dustin Brown.
9:41 of 3rd period - Stopped by Reto Berra without a rebound.
9:42 of 3rd period - Christian Dvorak wins face-off versus Dominic Moore in San Jose Sharks zone.
9:42 of 3rd period - Christian Dvorak is hit by Kyle Clifford.
10:19 of 3rd period - Snap shot by Alec Martinez.
10:19 of 3rd period - Shot Blocked by Logan Couture.
10:29 of 3rd period - Wrist shot by Kyle Clifford.
10:29 of 3rd period - Stopped by Reto Berra without a rebound.
10:30 of 3rd period - Jeff Carter wins face-off versus Anthony Cirelli in San Jose Sharks zone.
11:24 of 3rd period - Mike Reilly is hit by Adrian Kempe and loses puck.
11:45 of 3rd period - Wrist shot by Tommy Wingels.
11:45 of 3rd period - Stopped by Jonathan Quick without a rebound.
11:46 of 3rd period - Anze Kopitar wins face-off versus Tommy Wingels in Los Angeles Kings zone.
11:55 of 3rd period - Travis Dermott is hit by Dustin Brown and loses puck.
12:14 of 3rd period - Icing by Sven Baertschi.
12:15 of 3rd period - Nick Shore wins face-off versus Anthony Cirelli in San Jose Sharks zone.
12:26 of 3rd period - Snap shot by Nick Shore.
12:26 of 3rd period - Shot Blocked by Travis Dermott.
12:28 of 3rd period - Slapshot by Ian Cole.
12:28 of 3rd period - Shot Misses the Net.
12:30 of 3rd period - Snap shot by Nick Shore.
12:30 of 3rd period - Shot Misses the Net.
12:44 of 3rd period - Wrist shot by Christian Dvorak.
12:44 of 3rd period - Stopped by Jonathan Quick with a rebound.
13:06 of 3rd period - Dustin Brown is hit by Brent Burns and loses puck.
13:19 of 3rd period - Dustin Brown is hit by Joakim Ryan and loses puck.
13:40 of 3rd period - Slapshot by Jake Muzzin.
13:40 of 3rd period - Deflect By Matt Hendricks.
13:40 of 3rd period - Stopped by Reto Berra without a rebound.
13:41 of 3rd period - Dominic Moore wins face-off versus Anthony Cirelli in San Jose Sharks zone.
13:50 of 3rd period - Wrist shot by Anthony Cirelli.
13:50 of 3rd period - Deflect By Sven Baertschi.
13:50 of 3rd period - Stopped by Jonathan Quick without a rebound.
13:51 of 3rd period - Jeff Carter wins face-off versus Christian Dvorak in Los Angeles Kings zone.
13:56 of 3rd period - Slapshot by Tanner Pearson.
13:56 of 3rd period - Shot Blocked by Mike Reilly.
13:58 of 3rd period - Slapshot by Ian Cole.
13:58 of 3rd period - Stopped by Reto Berra with a rebound.
14:00 of 3rd period - Slapshot by Alec Martinez.
14:00 of 3rd period - Deflect By Tanner Pearson.
14:00 of 3rd period - Shot Blocked by Karl Alzner.
14:00 of 3rd period - Puck is out of play.
14:01 of 3rd period - Tanner Pearson wins face-off versus Christian Dvorak in San Jose Sharks zone.
14:06 of 3rd period - Snap shot by Trevor Lewis.
14:06 of 3rd period - Shot Misses the Net.
14:14 of 3rd period - Timo Meier is hit by Alec Martinez and loses puck.
14:30 of 3rd period - Slapshot by Jake Muzzin.
14:30 of 3rd period - Stopped by Reto Berra with a rebound.
14:37 of 3rd period - Off-side.
14:38 of 3rd period - Anze Kopitar wins face-off versus Logan Couture in neutral zone.
15:16 of 3rd period - Off-side.
15:17 of 3rd period - Christian Dvorak wins face-off versus Dominic Moore in neutral zone.
16:45 of 3rd period - Kevin Labanc is hit by Trevor Lewis and loses puck.
17:09 of 3rd period - Wrist shot by Anthony Cirelli.
17:09 of 3rd period - Shot Blocked by Alec Martinez.
17:11 of 3rd period - Snap shot by Mike Reilly.
17:11 of 3rd period - Shot Blocked by Alec Martinez.
17:13 of 3rd period - Wrist shot by Tyler Ennis.
17:13 of 3rd period - Goal by Tyler Ennis - San Jose Sharks : 3 - Los Angeles Kings : 1.
17:14 of 3rd period - Anthony Cirelli wins face-off versus Matt Hendricks in neutral zone.
17:17 of 3rd period - Snap shot by Tyler Ennis.
17:17 of 3rd period - Shot Misses the Net.
17:44 of 3rd period - Slapshot by Alec Martinez.
17:44 of 3rd period - Goal by Alec Martinez - San Jose Sharks : 3 - Los Angeles Kings : 2.
17:45 of 3rd period - Anthony Cirelli wins face-off versus Nick Shore in neutral zone.
18:17 of 3rd period - Los Angeles Kings, Jonathan Quick is pulled from the net.
18:17 of 3rd period - Snap shot by Anze Kopitar.
18:17 of 3rd period - Stopped by Reto Berra without a rebound.
18:18 of 3rd period - Dominic Moore wins face-off versus Logan Couture in San Jose Sharks zone.
18:45 of 3rd period - Sven Baertschi is hit by Derek Dorsett and loses puck.
19:15 of 3rd period - Snap shot by Dustin Brown.
19:15 of 3rd period - Stopped by Reto Berra without a rebound.
19:16 of 3rd period - Darryl Sutter call a timeout for Los Angeles Kings.
19:16 of 3rd period - Logan Couture wins face-off versus Anze Kopitar in San Jose Sharks zone.
19:16 of 3rd period - Logan Couture is hit by Dustin Brown.
19:19 of 3rd period - Icing by Clayton Keller.
19:20 of 3rd period - Logan Couture wins face-off versus Anze Kopitar in San Jose Sharks zone.
19:25 of 3rd period - Logan Couture is hit by Derek Dorsett and loses puck.
19:47 of 3rd period - Dustin Brown is hit by Logan Couture.
Goals for this period are 2 for San Jose Sharks vs 1 for Los Angeles Kings.
Shots for this period are 9 for San Jose Sharks vs 10 for Los Angeles Kings.